 Dungeon Crawl Stone Soup version 0.28-a0-863-g8cecda6153 (webtiles) character file.

Game seed: 12169563197461563741

39757 Htamos the Grappler (level 13, -3/117 HPs)
             Began as a Troll Abyssal Knight on Nov 19, 2021.
             Was a Priest of Lugonu.
             Slain by a two-headed ogre (18 damage)
             ... on level 14 of the Dungeon.
             The game lasted 00:50:36 (15757 turns).

Htamos the Grappler (Troll Abyssal Knight)         Turns: 15757, Time: 00:50:38

Health: -3/117     AC: 10    Str: 16 (24) XL:     13   Next: 70%
Magic:  11/19      EV: 10    Int: -4 (9)  God:    Lugonu [***...]
Gold:   659        SH:  0    Dex:  5 (11) Spells: 19/21 levels left

rFire   + . .      SeeInvis .     - Unarmed
rCold   . . .      Faith    .   (no shield)
rNeg    . . .      Spirit   .   y - +0 troll leather armour
rPois   +          Reflect  .   (helmet restricted)
rElec   .          Harm     .   w - +2 cloak {rCorr}
rCorr   +          Rampage  .   (gloves unavailable)
Will    +....                   (boots unavailable)
Stlth   +.........              l - amulet of regeneration
HPRegen 3.29/turn               x - ring of Gisir {rPois Will+}
MPRegen 0.16/turn               s - ring of protection from fire

@: slowed, lost intelligence, unable to read, very slow
A: large, unfitting armour, claws 3, regeneration 1, shaggy fur 1, tough skin 1,
deterioration 1, frail 1, evolution 1
a: Renounce Religion, Depart the Abyss, Bend Space, Banish


You were on level 14 of the Dungeon.
You worshipped Lugonu.
Lugonu was most pleased with you.
You visited 3 branches of the dungeon, and saw 17 of its levels.
You visited the Abyss 1 time.
You also visited: Bailey.

You collected 2795 gold pieces.
You spent 2136 gold pieces at shops.

Inventory:

Hand Weapons
 d - a +2 broad axe of flaming
Missiles
 c - 153 sling bullets
 g - 2 throwing nets
 i - 89 boomerangs
Armour
 a - a +0 robe
 b - +2 steam dragon scales
 w - a +2 cloak of preservation (worn)
 y - a +0 troll leather armour (worn)
Jewellery
 l - an amulet of regeneration (around neck)
 s - a ring of protection from fire (right claw)
 x - the ring of Gisir (left claw) {rPois Will+}
   (You acquired it on level 3 of the Dungeon)

   [ring of poison resistance]

   rPois:     It protects you from poison.
   Will:      It increases your willpower.
 D - an amulet of the acrobat
Wands
 m - a wand of polymorph (3)
Scrolls
 f - 5 scrolls of identify {@rr}
 h - 2 scrolls of holy word
 k - a scroll of summoning {unknown}
 o - a scroll of magic mapping
 p - 4 scrolls of vulnerability
 v - a scroll of silence
 z - a scroll of blinking
 A - a scroll of fear
 B - a scroll of fog
 C - a scroll of torment {unknown}
 F - a scroll of teleportation
Potions
 e - 2 potions of magic
 j - 3 potions of attraction
 n - a potion of resistance
 r - 3 potions of degeneration
 t - 2 potions of flight
 u - 2 potions of brilliance
 G - 2 potions of curing {@qc}
Miscellaneous
 q - a phantom mirror (inert)


   Skills:
 + Level 9.1 Fighting
 + Level 6.6 Armour
 + Level 6.9 Dodging
 + Level 10.4 Unarmed Combat
 + Level 4.8 Spellcasting
 + Level 5.1 Hexes
 + Level 5.7 Ice Magic
 + Level 7.7 Invocations


You had 19 spell levels left.
You knew the following spells:

 Your Spells              Type           Power      Damage    Failure   Level
a - Ensorcelled Hibernat  Hex/Ice        0%         N/A       9%          2

Your spell library contained the following spells:

 Spells                   Type           Power      Damage    Failure   Level
 Tukima's Dance           Hex            0%         N/A       21%         3
 Foxfire                  Conj/Fire      0%         2x1d4     50%         1
 Summon Small Mammal      Summ           0%         N/A       50%         1
 Inner Flame              Hex/Fire       0%         N/A       50%         3
 Summon Guardian Golem    Hex/Summ       0%         N/A       50%         3
 Passwall                 Tmut/Erth      0%         N/A       63%         2
 Sublimation of Blood     Necr           0%         N/A       63%         2
 Call Canine Familiar     Summ           0%         N/A       86%         3
 Conjure Flame            Conj/Fire      0%         6-21      86%         3
 Swiftness                Air            0%         N/A       86%         3
 Flame Wave               Conj/Fire      0%         3d3       99%         4
 Alistair's Intoxication  Tmut/Pois      0%         N/A       100%        5


Dungeon Overview and Level Annotations

Branches:
Dungeon (14/15)            Temple (0/1) D:6            Lair (0/6) D:11
    Orc (2/2) D:11            Elf (1/3) Orc:2        Bailey (visited)
 Vaults: D:13-14

Altars:
Dithmenos
Gozag
Makhleb
Uskayaw
Vehumet
Xom
Yredelemnul
Zin

Shops:
D:3 (*:*=   D:7 (   Orc:2 =(:[=

Portals:
Trove: D:10 (give 2 scrolls of acquirement)

Annotations:
D:6 4 runed translucent doors, Crazy Yiuf; Froggeryz's ghost, novice GrEn
Abyss:1 Gastronok; Psyche; Rupert


Innate Abilities, Weirdness & Mutations

You are too large for most types of armour.
You have claws for hands.
Your natural rate of healing is unusually fast.
You are covered in fur. (AC +1)
You have tough skin. (AC +1)
Your body sometimes deteriorates upon taking damage.
You are frail. (-10% HP)
You have hidden genetic potential.


Message History

There is an open door here.
A two-headed ogre comes into view.
It is wielding a +0 giant club and a +0 giant spiked club.
Found a stone staircase leading down.
The two-headed ogre shouts in stereo!
The two-headed ogre completely misses you.
The two-headed ogre hits you with a +0 giant spiked club!!
You claw the two-headed ogre!
The two-headed ogre is lightly wounded.
The two-headed ogre hits you with a +0 giant club!
The two-headed ogre barely misses you.
You barely miss the two-headed ogre.
The two-headed ogre is lightly wounded.
The two-headed ogre hits you with a +0 giant club!
The two-headed ogre hits you with a +0 giant spiked club!
You claw the two-headed ogre!
The two-headed ogre is moderately wounded.
The two-headed ogre barely misses you.
The two-headed ogre hits you with a +0 giant spiked club!
Your body deteriorates!
You feel clumsy.
You claw the two-headed ogre!
The two-headed ogre is heavily wounded.
The two-headed ogre hits you with a +0 giant club!
* * * LOW HITPOINT WARNING * * *
The two-headed ogre hits you with a +0 giant spiked club.
* * * LOW HITPOINT WARNING * * *
Unknown command.
Press: ? - help, Shift-Dir - straight line, f - two-headed ogre
Aim: a two-headed ogre, wielding a +0 giant club and a +0 giant spiked club (heavily wounded, chance to affect: 72%)
The two-headed ogre struggles to resist.
You can no longer corrupt the fabric of space.
The two-headed ogre hits you with a +0 giant club!!
* * * LOW HITPOINT WARNING * * *
The two-headed ogre misses you.
Press: ? - help, Shift-Dir - straight line, f/p - two-headed ogre
Aim: a two-headed ogre, wielding a +0 giant club and a +0 giant spiked club (heavily wounded, chance to affect: 72%)
The two-headed ogre struggles to resist.
The two-headed ogre hits you with a +0 giant club!!
* * * LOW HITPOINT WARNING * * *
The two-headed ogre hits you with a +0 giant spiked club!!
You die...

..................
.................
..<....#.........
####...#....###...
####..............
.........<###########
#####.....#.........####
#.###.#............. #.#
#.#.....@O...... #.#
#.#....##.>..... #.#
#.#....# ...##.. #.#
#.#....# #### #.
#.#....# #.#....#
#.#....# #.#....#
#.#....#


You could see a two-headed ogre.

Vanquished Creatures
  Erolcha (D:11)
  A two-headed ogre (D:13)
  2 orc high priests
  Urug (D:11)
  A deep troll (D:13)
  A wizard (D:14)
  A deep elf pyromancer (D:11)
  A deep elf zephyrmancer (Elf:1)
  An orc knight (Bailey)
  An ugly thing (D:7)
  3 cyclopes
  4 orc sorcerers
  A manticore (D:11)
  Maggie (D:7)
  An efreet (D:13)
  A freezing wraith (D:14)
  2 hornets
  4 trolls
  5 slime creatures
  A centaur simulacrum (D:14)
  A wraith (D:10)
  20 yaks
  3 steam dragons
  4 wargs
  An acid dragon (D:11)
  26 orc warriors
  3 sky beasts (D:7)
  A black bear (D:4)
  3 ice beasts
  2 ogres
  2 centaurs (D:7)
  2 phantoms
  A wyvern zombie (D:6)
  2 bullfrogs
  2 kobold brigands
  3 scorpions
  A water moccasin zombie (D:5)
  A water moccasin skeleton (D:5)
  3 killer bees (D:9)
  6 wights
  4 howler monkeys
  3 centaur zombies
  A bullfrog zombie (D:5)
  3 jellies
  30 orc priests
  6 hounds
  A centaur skeleton (D:7)
  3 gnoll shamans
  Terence (D:2)
  Natasha (thrice) (D:2)
  An iguana (D:7)
  52 orc wizards
  A howler monkey zombie (D:9)
  A howler monkey skeleton (D:7)
  20 gnolls
  8 adders
  A shadow imp (D:7)
  3 white imps
  An ufetubus (D:5)
  An adder skeleton (D:4)
  58 orcs
  3 ball pythons
  6 bats
  7 endoplasms
  6 giant cockroaches
  7 goblins
  13 hobgoblins
  5 jackals
  3 quokkas
  2 frilled lizards (D:2)
  25 kobolds
  4 rats
  A bush (D:7)
405 creatures vanquished.

Vanquished Creatures (others)
  A fungus (D:6)
  3 plants (D:6)
4 creatures vanquished.

Grand Total: 409 creatures vanquished

Notes
Turn   | Place    | Note
-------+----------+-------------------------------------------
     0 | Abyss:1  | Htamos the Troll Abyssal Knight began the quest for the
                  | Orb.
     0 | Abyss:1  | Reached XP level 1. HP: 22/22 MP: 1/1
    93 | Abyss:1  | Noticed a large abomination
    97 | Abyss:1  | Noticed a tentacled starspawn
   102 | Abyss:1  | Noticed a starcursed mass
   104 | D:1      | Escaped the Abyss
   193 | D:1      | Found a faded altar of an unknown god.
   325 | D:1      | Reached XP level 2. HP: 29/29 MP: 2/2
   686 | D:2      | Reached * piety under Lugonu
   786 | D:2      | Noticed Natasha
   788 | D:2      | Noticed a crimson imp
   793 | D:2      | Killed Natasha
   794 | D:2      | Reached skill level 1 in Armour
   794 | D:2      | Reached XP level 3. HP: 35/36 MP: 3/3
   872 | D:2      | Noticed Terence
  1089 | D:2      | Killed Terence
  1090 | D:2      | Reached XP level 4. HP: 38/44 MP: 4/4
  1154 | D:2      | Noticed Natasha
  1157 | D:2      | Killed Natasha
  1325 | D:2      | Noticed Natasha
  1335 | D:2      | Killed Natasha
  1336 | D:2      | Reached XP level 5. HP: 46/53 MP: 5/5
  1708 | D:3      | Found Batreu's Assorted Antiques.
  1717 | D:3      | Found Icegueza's Book Shoppe.
  1744 | D:3      | Found Veunih's General Store.
  1757 | D:3      | Reached skill level 3 in Unarmed Combat
  1843 | D:3      | Found Sobuninn's Antique Weapon Shop.
  1908 | D:3      | Reached ** piety under Lugonu
  2062 | D:3      | Found Giosoaw's Jewellery Shop.
  2228 | D:3      | Learned a level 2 spell: Ensorcelled Hibernation
  2458 | D:4      | Noticed a black bear
  2475 | D:4      | Reached XP level 6. HP: 49/61 MP: 7/7
  2691 | D:4      | Reached *** piety under Lugonu
  2951 | D:5      | Entered Level 5 of the Dungeon
  2958 | D:5      | Reached skill level 1 in Ice Magic
  2958 | D:5      | Reached XP level 7. HP: 67/67 MP: 8/8
  3005 | D:5      | Found a glowing silver altar of Zin.
  3006 | D:5      | Found an opulent altar of Gozag.
  3120 | D:5      | Reached skill level 1 in Hexes
  3166 | D:5      | Noticed a steam dragon
  3184 | D:5      | Killed a steam dragon
  3185 | D:5      | Reached skill level 4 in Unarmed Combat
  3185 | D:5      | Reached skill level 1 in Spellcasting
  3341 | D:5      | Reached XP level 8. HP: 42/78 MP: 9/9
  3445 | D:5      | Identified a scroll of acquirement
  3446 | D:5      | Acquired 567 gold pieces
  3753 | D:3      | Bought a scroll of acquirement for 572 gold pieces
  3754 | D:3      | Acquired 851 gold pieces
  4072 | D:5      | Found a shadowy altar of Dithmenos.
  4451 | D:6      | Found a staircase to the Ecumenical Temple.
  4620 | D:6      | Found a runed translucent gate.
  4620 | D:6      | Found a runed translucent gate.
  4620 | D:6      | Found a runed translucent gate.
  4621 | D:6      | Noticed a kobold demonologist
  4808 | D:3      | Bought 2 scrolls of acquirement for 1144 gold pieces
  4809 | D:3      | Acquired the ring of Gisir {rPois Will+}
  4813 | D:3      | Acquired a +0 cloak of preservation
  4960 | D:6      | Noticed Froggeryz's ghost (novice GrEn)
  4972 | D:6      | Reached XP level 9. HP: 85/85 MP: 11/11
  5046 | D:6      | Found a runed translucent door.
  5047 | D:6      | Noticed Crazy Yiuf
  5261 | D:6      | Reached **** piety under Lugonu
  5389 | D:7      | Found a burning altar of Makhleb.
  5434 | D:7      | Found a hide-covered altar of Uskayaw.
  5457 | D:7      | Reached skill level 5 in Unarmed Combat
  5502 | D:7      | Noticed Maggie
  5505 | D:7      | Found Vyoluw's Weapon Shoppe.
  5522 | D:7      | Killed Maggie
  5940 | D:7      | Noticed a cyclops
  5940 | D:7      | Noticed a green ugly thing
  5953 | D:7      | Killed a green ugly thing
  5954 | D:7      | Reached skill level 5 in Fighting
  5954 | D:7      | Reached skill level 5 in Invocations
  6007 | D:7      | Killed a cyclops
  6008 | D:7      | Reached XP level 10. HP: 89/96 MP: 11/13
  6153 | D:8      | Noticed Gastronok
  6164 | D:8      | Banished Gastronok
  6165 | D:8      | Reached skill level 5 in Dodging
  6252 | D:8      | Found a radiant altar of Vehumet.
  6266 | D:8      | Got the Compendium of Shifting Evil
  6267 | D:8      | Found a basalt altar of Yredelemnul.
  6318 | D:8      | Reached skill level 6 in Unarmed Combat
  6365 | D:8      | Noticed a two-headed ogre
  6374 | D:8      | Banished a two-headed ogre
  6631 | D:8      | Identified the +2 ring mail of Dishonour {Fly}
  6686 | D:9      | Found a flagged portal.
  6716 | Bailey   | Entered a bailey
  6835 | Bailey   | Noticed an orc knight
  7120 | Bailey   | Killed an orc knight
  7450 | D:9      | Reached skill level 5 in Armour
  7454 | D:9      | Reached XP level 11. HP: 91/105 MP: 14/14
  7589 | D:9      | Reached skill level 9 in Unarmed Combat
  7589 | D:9      | Reached XP level 12. HP: 119/119 MP: 16/16
  8177 | D:10     | Entered Level 10 of the Dungeon
  8346 | D:10     | Gained mutation: You have hidden genetic potential. [potion
                  | of mutation]
  8346 | D:10     | Gained mutation: You are frail. (-10% HP) [potion of
                  | mutation]
  8346 | D:10     | Gained mutation: Your spells are a little harder to cast,
                  | but a little more powerful. [potion of mutation]
  8347 | D:10     | Lost mutation: Your spells are a little harder to cast, but
                  | a little more powerful. [potion of mutation]
  8347 | D:10     | Lost mutation: You are frail. (-10% HP) [potion of
                  | mutation]
  8347 | D:10     | Gained mutation: Your body sometimes deteriorates upon
                  | taking damage. [potion of mutation]
  8347 | D:10     | Gained mutation: Your spells are a little easier to cast,
                  | but a little less powerful. [potion of mutation]
  8347 | D:10     | Lost mutation: Your spells are a little easier to cast, but
                  | a little less powerful. [potion of mutation]
  8768 | D:10     | Found a shimmering altar of Xom.
  8788 | D:10     | Found a portal to a secret trove of treasure.
  8991 | D:11     | Noticed Erolcha
  9035 | D:11     | Reached ***** piety under Lugonu
  9087 | D:11     | Killed Erolcha
  9104 | D:11     | Noticed Urug
  9106 | D:11     | Found a staircase to the Lair.
  9113 | D:11     | Killed Urug
  9141 | D:11     | Noticed a two-headed ogre
  9142 | D:11     | Banished a two-headed ogre
  9296 | D:11     | Found a staircase to the Orcish Mines.
  9300 | D:11     | Noticed a boulder beetle
  9320 | D:11     | Banished a boulder beetle
  9389 | Orc:1    | Entered Level 1 of the Orcish Mines
  9484 | Orc:1    | You fall into a shaft and drop 1 floor!
  9484 | Orc:2    | Entered Level 2 of the Orcish Mines
  9484 | Orc:2    | Found a staircase to the Elven Halls.
  9861 | Orc:2    | Gained mutation: You are frail. (-10% HP) [a neqoxec]
 10648 | Orc:2    | Reached skill level 5 in Ice Magic
 10666 | Orc:2    | Noticed an orc high priest
 10806 | Orc:2    | HP: 5/106 [burnt (1)]
 10808 | Orc:2    | Found Cooxkit's Jewellery Shoppe.
 10838 | Orc:2    | Found Caixt's Weapon Emporium.
 10838 | Orc:2    | Found Jyategot's Book Emporium.
 10842 | Orc:2    | Found Milerig's Antique Armour Shoppe.
 10845 | Orc:2    | Bought an amulet of regeneration for 420 gold pieces
 11406 | Orc:2    | Gained mutation: You tend to lose your temper in combat. [a
                  | neqoxec]
 11414 | Orc:2    | Killed an orc high priest
 11415 | Orc:2    | Reached XP level 13. HP: 99/115 MP: 18/18
 11678 | Orc:2    | Lost intelligence.
 11707 | Orc:2    | Found Yrghuutice's Jewellery Boutique.
 11952 | Elf:1    | Entered Level 1 of the Elven Halls
 11988 | Elf:1    | Reached skill level 10 in Unarmed Combat
 12124 | D:11     | Lost mutation: You tend to lose your temper in combat.
                  | [hidden potential]
 12401 | D:11     | Noticed Psyche
 12448 | D:11     | Banished Psyche
 13476 | D:12     | Noticed Rupert
 13481 | D:12     | Banished Rupert
 13873 | D:13     | Reached skill level 5 in Hexes
 15757 | D:14     | Slain by a two-headed ogre

Illustrated notes

Levels and vault maps discovered:
D:1:      minmay_arrival_doors, layout_basic,
          hellmonk_ecumenical_altar_arch_garden
D:2:      layout_basic, uniq_terence, uniq_natasha
D:3:      minmay_razor_zed, layout_rooms, serial_shops, shop,
          nicolae_square_shop, shop_statue, nicolae_shop_statue_plus,
          nicolae_shop_trees
D:4:      layout_cave_pools
D:5:      layout_cave_pods, grunt_temple_overflow_gold_and_silver,
          mainiacjoe_overflow_alcove_2, minmay_a_box_with_orc_wizards_in_it
D:6:      layout_cave_pools, minmay_temple_entry_sparse_star,
          gammafunk_ghost_nasty_kobolds, uniq_crazy_yiuf_cottage
D:7:      cheibrodos_barr_body, layout_rooms,
          mainiacjoe_overflow_catch_the_wave, serial_shops, shop, uniq_maggie
D:8:      layout_rooms, minitemple, minmay_misc_feat_roman, uniq_gastronok
D:9:      layout_basic, enter_bailey_6, corner_web_ring
D:10:     layout_rooms, xom_teletrap_fun, nicolae_trove_entry_crystal,
          nicolae_straight_to_the_point
D:11:     layout_loops_ring, erik_lair_orcish_takeover, david_orc_1_choice,
          uniq_erolcha, uniq_urug, uniq_psyche
D:12:     layout_cave_pools, uniq_rupert
D:13:     layout_grid_maze
D:14:     layout_stronghold, david_vaults_5, hangedman_incinerator
Orc:1:    nicolae_orc_accident_2, layout_caves
Orc:2:    st_orc_mages, layout_caves, serial_shops, nicolae_shop_hallway_plus
Elf:1:    layout_gridlike, hangedman_elf_disciples, lemuel_upstairs_altar

Skill      XL: |  1  2  3  4  5  6  7  8  9 10 11 12 13 |
---------------+----------------------------------------+-----
Dodging        | 2 3 4 5 6 |  6.9
Armour         | 1 2 3 4 5 6 |  6.6
Invocations    | 2 3 4 5 6 7 |  7.7
Fighting       | 3 4 5 8 9 |  9.1
Unarmed Combat | 3 4 5 6 9 10 | 10.4
Ice Magic      | 1 2 3 4 5 |  5.7
Hexes          | 1 2 3 4 5 |  5.1
Spellcasting   | 1 2 3 4 |  4.8

Action                   |  1- 3 |  4- 6 |  7- 9 | 10-12 | 13-15 || total
-------------------------+-------+-------+-------+-------+-------++-------
Melee: Unarmed           |    51 |   166 |   425 |   735 |   235 ||  1612
       Punch             |       |     3 |     8 |    26 |     8 ||    45
Invok: Depart the Abyss  |     1 |       |       |       |       ||     1
       Banish            |       |       |       |     9 |    16 ||    25
Evoke: Phantom mirror    |       |       |       |     1 |     1 ||     2
       Wand              |       |       |       |       |     2 ||     2
  Use: Potion            |     1 |     1 |    10 |    12 |     3 ||    27
       Scroll            |       |     1 |    19 |    10 |       ||    30
 Stab: Invisible         |       |     1 |       |       |       ||     1
       Sleeping          |       |     1 |       |     1 |       ||     2
Armor: Robe              |    17 |    50 |     4 |       |       ||    71
       Steam dragon scal |       |       |   176 |   118 |       ||   294
       Skin              |       |       |    11 |    10 |     1 ||    22
       Troll leather arm |       |       |       |   129 |   101 ||   230
Dodge: Dodged            |    24 |    76 |   216 |   334 |   152 ||   802

Table legend: (Time is in decaauts)
 A = Elapsed time spent in this place.
 B = Non-inter-level travel time spent in this place.
 C = Inter-level travel time spent in this place.
 D = Time resting spent in this place.
 E = Time spent auto-exploring this place.
 F = Levels seen in this place.
 G = Mean time per level.
                   A        B        C        D        E       F      G
               +--------+--------+--------+--------+--------+-----+--------+
         Total |  17591 |  15739 |   1852 |   1830 |   9333 |  19 |  925.8 |
       Dungeon |  14269 |  12532 |   1737 |    657 |   8540 |  14 | 1019.2 |
  Orcish Mines |   2728 |   2614 |    114 |   1084 |    651 |   2 | 1364.0 |
   Elven Halls |     69 |     68 |      1 |      0 |      0 |   1 |   69.0 |
         Abyss |    104 |    104 |      0 |      0 |     63 |   1 |  104.0 |
        Bailey |    419 |    419 |      0 |     88 |     79 |   1 |  419.0 |
               +--------+--------+--------+--------+--------+-----+--------+

Top non-repeatable levels by time:
    D:13: 2923 daAuts
    D:11: 1978 daAuts
   Orc:1: 1664 daAuts
     D:5: 1378 daAuts
     D:9: 1073 daAuts
   Orc:2: 1063 daAuts
     D:2: 1052 daAuts
     D:3: 829 daAuts
     D:7: 772 daAuts
    D:12: 758 daAuts
    D:10: 751 daAuts
     D:6: 750 daAuts
     D:4: 645 daAuts
     D:8: 541 daAuts
     D:1: 540 daAuts
